Map: Dreamcatcher LE

Players

liquidthermy (uThermal)

  • Race: Protoss Protoss
  • League: Grandmaster
  • Spawn Location: 5:00

Zanster - Winner!

  • Race: Zerg Zerg
  • League: Master
  • Spawn Location: 11:00

Event: HomeStory Cup XVII

VOD

Have the link to the VOD?

Description

Time

  • Played on: June 29, 2018, 11:43 a.m.
  • Length: 9:52

All games in this series

Show
View Real Time Build Order
Export as new Build Order

liquidthermy Protoss 

Build Orders: 1 Gate Expand, Oracle Opening, Phoenix Opening 

Get SALT Encoding   

  12  0:01  Probe  
  13  0:13  Probe  
  14  0:18  Pylon  
  14  0:22  Probe  
  15  0:32  Probe  
  15  0:40  Gateway  
  15  0:42  Probe  
  16  0:49  Assimilator  
  17  0:52  Probe  
  18  1:00  Probe  
  18  1:08  Probe  
  20  1:26  Nexus  
  20  1:32  Probe  
  21  1:43  Pylon  
  21  1:44  Probe  
  21  1:45  Assimilator  
  22  1:54  Cybernetics Core  
  22  1:56  Probe  
  23  2:02  Zealot  
  25  2:09  Probe  
  26  2:21  Probe  
  27  2:23  Adept  
  27  2:32  Warp Gate  
  27  2:33  Probe  
  27  2:35  Stargate  
  30  2:41  Probe  
  30  2:43  Adept  
  33  2:52  Probe  
  33  2:57  Probe  
  34  3:07  Probe  
  34  3:08  Oracle  
  35  3:17  Probe  
  40  3:20  Probe  
  40  3:21  Adept  
  40  3:26  Pylon  
  42  3:29  Probe  
  42  3:32  Probe  
  43  3:45  Phoenix  
  45  3:51  Probe  
  45  3:55  Gateway, Probe  
  47  3:57  Adept, Gateway  
  49  4:03  Probe  
  50  4:11  Assimilator  
  50  4:19  Twilight Council  
  50  4:21  Probe x2  
  50  4:23  Pylon  
  48  4:26  Resonating Glaives  
  48  4:34  Probe  
  48  4:35  Probe  
  48  4:38  Adept  
  52  4:43  Pylon  
  52  4:45  Nexus  
  52  4:54  Probe  
  52  4:56  Adept x2  
  52  4:59  Probe  
  58  5:00  Pylon  
  58  5:10  Probe  
  58  5:11  Probe  
  60  5:18  Adept x3  
  66  5:26  Probe x2, Robotics Facility  
  68  5:32  Assimilator  
  68  5:39  Probe  
  68  5:40  Adept x2  
  68  5:41  Adept  
  75  5:49  Probe  
  76  5:51  Probe, Pylon  
  77  6:01  Adept x2, Probe  
  77  6:02  Adept  
  77  6:03  Probe  
  85  6:05  Shield Battery  
  85  6:13  Probe  
  85  6:14  Immortal  
  85  6:15  Probe  
  87  6:23  Adept x3  
  86  6:26  Probe  
  86  6:27  Probe  
  86  6:31  Void Ray  
  86  6:32  Shield Battery  
  85  6:34  Shield Battery  
  85  6:38  Probe  
  84  6:47  Probe  
  87  6:49  Immortal  
  81  6:56  Pylon  
  81  6:58  Sentry  
  81  6:59  Probe, Sentry x2  
  81  7:00  Probe  
  85  7:11  Shield Battery  
  85  7:12  Void Ray, Probe, Shield Battery  
  90  7:21  Shield Battery  
  90  7:23  Sentry x2, Shield Battery  
  90  7:26  Immortal, Stalker  
  94  7:47  Sentry x2  
  94  7:49  Void Ray  
  96  7:57  Stalker  
  102  8:03  Gateway  
  102  8:05  Gateway x2  
  102  8:07  Gateway  
  102  8:10  Stalker x2  
  89  8:27  Stalker  
  72  8:39  Stalker x2  
  69  8:54  Stalker  
  75  9:07  Stalker  
  77  9:10  Shield Battery, Pylon  
  77  9:11  Pylon x2  
  77  9:17  Pylon  
  77  9:31  Sentry, Stalker  
  77  9:32  Sentry, Stalker  
  81  9:40  Pylon  
  80  9:46  Zealot x2  
Show
View Real Time Build Order
Export as new Build Order

Zanster Zerg - Winner!

Build Orders: Pool First 

Get SALT Encoding   

  12  0:02  Drone  
  13  0:13  Overlord  
  13  0:17  Drone  
  14  0:32  Drone x2  
  16  0:36  Drone  
  17  0:45  Extractor  
  17  0:46  Drone  
  17  0:50  Spawning Pool  
  17  0:57  Drone  
  17  1:08  Drone  
  18  1:22  Hatchery  
  18  1:24  Drone  
  18  1:38  Queen  
  20  1:40  Zergling x2  
  20  1:43  Zergling x2  
  22  1:51  Metabolic Boost  
  22  1:57  Overlord  
  22  2:16  Drone x2  
  22  2:18  Queen  
  26  2:40  Queen  
  26  2:42  Drone  
  26  2:44  Drone  
  30  2:46  Drone  
  30  2:49  Overlord  
  30  2:50  Drone  
  32  2:52  Drone  
  32  2:55  Drone  
  34  3:01  Drone  
  34  3:03  Drone  
  34  3:04  Drone  
  35  3:14  Zergling x4  
  37  3:21  Zergling x2  
  37  3:25  Zergling x2  
  39  3:29  Drone x4  
  39  3:31  Hatchery  
  40  3:39  Zergling x4  
  41  3:47  Lair  
  41  3:49  Queen, Extractor  
  41  3:50  Overlord  
  41  3:51  Drone  
  41  3:53  Drone  
  42  4:03  Drone x3  
  42  4:05  Drone  
  42  4:09  Drone  
  44  4:10  Drone  
  44  4:14  Drone  
  44  4:15  Overlord  
  43  4:22  Roach Warren  
  42  4:24  Spore Crawler  
  42  4:25  Drone  
  42  4:30  Overlord  
  42  4:32  Zergling x2  
  42  4:34  Zergling x4  
  42  4:37  Zergling x2  
  46  4:40  Zergling x4  
  46  4:41  Zergling x2  
  49  4:47  Overlord  
  49  4:59  Drone x5  
  54  5:01  Drone  
  54  5:02  Spore Crawler  
  54  5:04  Drone  
  54  5:06  Drone  
  56  5:07  Drone  
  56  5:15  Roach  
  56  5:16  Roach x2  
  56  5:18  Roach  
  64  5:22  Roach  
  64  5:23  Glial Reconstitution  
  64  5:26  Roach  
  64  5:28  Roach  
  70  5:30  Overlord  
  70  5:32  Roach  
  72  5:36  Overlord  
  72  5:38  Overlord  
  72  5:49  Roach  
  76  5:50  Roach x3  
  76  5:52  Overlord  
  76  5:56  Roach x3  
  86  5:59  Overlord  
  86  6:03  Roach  
  88  6:07  Roach  
  88  6:10  Overlord  
  90  6:18  Roach x5  
  97  6:28  Roach x4  
  97  6:30  Overlord  
  100  6:34  Roach  
  102  6:43  Drone  
  102  6:44  Drone x5  
  104  6:54  Roach x4  
  104  6:55  Roach  
  104  6:56  Zergling x2  
  113  7:02  Spore Crawler  
  113  7:07  Roach, Zergling x4  
  116  7:12  Queen  
  118  7:16  Zergling x4  
  120  7:23  Zergling x2  
  120  7:24  Zergling x2  
  120  7:26  Ravager  
  120  7:27  Zergling x4  
  120  7:28  Overlord  
  125  7:30  Overlord  
  118  7:42  Roach, Zergling x10  
  119  7:49  Zergling x4  
  119  7:54  Roach  
  119  7:55  Queen x3  
  123  8:01  Roach, Zergling x6  
  123  8:02  Ravager  
  123  8:04  Zergling x4  
  127  8:17  Roach, Zergling x6  
  123  8:23  Roach, Zergling x2  
  122  8:31  Roach x3  
  122  8:32  Roach x3  
  128  8:46  Roach  
  128  8:47  Roach x2, Zergling x4  
  134  8:50  Overlord  
  134  8:52  Queen x2  
  136  9:00  Drone x3  
  132  9:04  Drone  
  134  9:10  Drone  
  134  9:12  Drone  
  134  9:15  Queen  
  135  9:27  Drone  
  135  9:28  Drone x11  
  141  9:33  Overlord  
  139  9:41  Hatchery  
Tags
 
Add a new tag
Caveats
  • Supply blocks, unpowered buildings, or Contaminate may cause inaccurate times.
  • Supply counts are checked every 10 seconds.